 Dungeon Crawl Stone Soup version 0.26-a0-501-g5717042 (webtiles) character file.

Game seed: 10319196701597614718

617 Bacontarian the Caller (level 7, -6/46 HPs)
             Began as a Merfolk Summoner on Aug 8, 2020.
             Mangled by a centaur (7 damage)
             ... on level 5 of the Dungeon.
             The game lasted 00:37:32 (5701 turns).

Bacontarian the Caller (Merfolk Summoner)           Turns: 5701, Time: 00:37:33

Health: -6/46      AC:  4    Str:  9    XL:     7   Next: 45%
Magic:  6/12       EV: 15    Int: 14    God:
Gold:   213        SH:  6    Dex: 16    Spells: 8/13 levels left

rFire    . . .     SeeInvis .   p - +2 dagger (freeze)
rCold    . . .     Faith    .   i - +1 buckler
rNeg     . . .     Spirit   .   a - +0 robe
rPois    .         Reflect  .   (no helmet)
rElec    .         Harm     .   d - +0 cloak
rCorr    +                      r - +0 pair of gloves
MR       .....                  (no boots)
Stlth    ++........             (no amulet)
HPRegen  0.15/turn              o - ring of resist corrosion
MPRegen  0.13/turn              (no ring)

@: no status effects
A: change form in water, swift swim, stealthy swim
a: no special abilities


You were on level 5 of the Dungeon.
You visited 1 branch of the dungeon, and saw 5 of its levels.
You also visited: Sewer.

You collected 213 gold pieces.

Inventory:

Hand Weapons
 l - a +0 short sword of draining
 p - a +2 dagger of freezing (weapon)
Missiles
 b - 2 throwing nets
 g - 17 poisoned darts (quivered)
 h - 2 curare-tipped darts
Armour
 a - a +0 robe (worn)
 d - a +0 cloak (worn)
 i - a +1 buckler (worn)
 r - a +0 pair of gloves (worn)
 H - a scarf of harm
Magical Staves
 s - an uncursed staff of death
 y - an uncursed staff of poison
Jewellery
 o - a ring of resist corrosion (left hand)
Wands
 x - a wand of paralysis (16)
Scrolls
 q - a scroll of blinking
 t - 2 scrolls of magic mapping
 u - a scroll of remove curse
 F - 2 scrolls of identify
 G - a scroll of amnesia
Potions
 c - a potion of lignification {unknown}
 e - 3 potions of brilliance
 f - a potion of resistance {unknown}
 j - a potion of might {unknown}
 k - 5 potions of curing
 m - a potion of haste {unknown}
 n - a potion of heal wounds
 v - a potion of magic {unknown}
 z - a potion of stabbing {unknown}
 A - a potion of flight {unknown}


   Skills:
 + Level 5.6 Dodging
 - Level 2.1 Stealth
 + Level 3.3 Shields
 + Level 3.9 Spellcasting
 * Level 6.0 Summonings


You had 8 spell levels left.
You knew the following spells:

 Your Spells              Type           Power        Failure   Level
a - Call Canine Familiar  Summ           ###.....     5%          3
b - Call Imp              Summ           ###.....     2%          2

Your spell library contained the following spells:

 Spells                   Type           Power        Failure   Level
 Summon Small Mammal      Summ           ###.         1%          1
 Summon Guardian Golem    Hex/Summ       ##......     19%         3
 Summon Ice Beast         Ice/Summ       ##......     52%         4
 Summon Lightning Spire   Summ/Air       ##......     52%         4


Dungeon Overview and Level Annotations

Branches:
Dungeon (5/15)              Sewer (visited)
 Temple: D:4-7

Altars:
Sif Muna

Annotations:
D:4 1 runed translucent door, BeowulfAlex's ghost, amateur OpTm


Message History

Your Summonings skill increases to level 6!
The centaur closely misses you.
You completely miss the centaur.
The centaur is lightly wounded.
The centaur misses you.
Your hound bites the centaur.
The centaur barely misses you.
You hit the centaur but do no damage.
The centaur is moderately wounded.
Your hound bites the centaur.
The centaur hits you.
* * * LOW HITPOINT WARNING * * *
You hit the centaur but do no damage.
The centaur is moderately wounded.
Your hound bites the centaur.
The centaur hits you.
* * * LOW HITPOINT WARNING * * *
Your hound barely misses the centaur.
The centaur hits you.
* * * LOW HITPOINT WARNING * * *
You hit the centaur but do no damage.
The centaur is moderately wounded.
Your hound barely misses the centaur.
The centaur hits you!
You die...

#### ### ##..## ##
##########.###....## ...
##......##...#......# ....
##........#...##....#####..... #
##.....................((5.....
###.............hc.......##>.....
..##............@(.####### ......
...#..........(.#### ......
.....))........(# ......
......[........(## ......
....#............# .....c
..###............## ...... ..#
##....(.((....# ..#
#............# ### ##...........#


You could see a centaur and a friendly hound (summoned).

Vanquished Creatures
  A centaur (D:5)
  A bullfrog (Sewer)
  Jessica (D:2)
  Ijyb (D:3)
  An orc wizard (D:4)
  A killer bee zombie (D:5)
  A gnoll (D:4)
  3 adders
  An ooze (D:3)
  2 worms (D:4)
  2 dart slugs
  3 leopard geckos
  4 giant cockroaches
  9 goblins
  7 hobgoblins
  2 jackals (D:2)
  3 ball pythons
  8 bats
  6 frilled lizards
  A kobold (D:1)
  4 rats
62 creatures vanquished.

Vanquished Creatures (collateral kills)
  An orc warrior (D:4)
  An ogre (D:4)
  A bullfrog (Sewer)
  2 orc priests (D:5)
  An iguana (D:4)
  A worker ant (D:4)
  Robin (D:2)
  3 gnolls (D:4)
  6 adders
  An ooze (D:4)
  A dart slug (D:3)
  4 leopard geckos (Sewer)
  4 orcs
  4 bats
  6 giant cockroaches
  6 goblins
  4 hobgoblins
  2 jackals (D:4)
  A ball python (Sewer)
  3 frilled lizards
  A kobold (D:3)
  4 rats
58 creatures vanquished.

Vanquished Creatures (others)
  An adder (D:5)
1 creature vanquished.

Grand Total: 121 creatures vanquished

Notes
Turn   | Place    | Note
-------+----------+-------------------------------------------
     0 | D:1      | Bacontarian the Merfolk Summoner began the quest for the
                  | Orb.
     0 | D:1      | Reached XP level 1. HP: 13/13 MP: 3/3
   659 | D:1      | Reached XP level 2. HP: 18/19 MP: 0/5
  1361 | D:2      | Learned a level 2 spell: Call Imp
  1566 | D:2      | Reached XP level 3. HP: 24/24 MP: 4/6
  1584 | D:2      | Noticed Jessica
  1594 | D:2      | Killed Jessica
  1594 | D:2      | Reached skill level 1 in Shields
  1779 | D:2      | Reached XP level 4. HP: 17/30 MP: 5/7
  1931 | D:2      | Identified the +0 helmet "Cuafruf" {-Cast rPois rCorr
                  | Str+4}
  1931 | D:2      | Noticed Robin
  1950 | D:2      | Killed Robin
  2728 | D:3      | Found a glowing drain.
  2738 | Sewer    | Entered a sewer
  2815 | Sewer    | Reached XP level 5. HP: 35/35 MP: 4/9
  3120 | D:3      | Reached XP level 6. HP: 41/41 MP: 10/10
  3246 | D:3      | Noticed Ijyb
  3257 | D:3      | Paralysed by Ijyb for 4 turns
  3264 | D:3      | Killed Ijyb
  3264 | D:3      | Reached skill level 5 in Summonings
  3271 | D:3      | Learned a level 3 spell: Call Canine Familiar
  4102 | D:4      | Reached skill level 5 in Dodging
  4277 | D:4      | Found a shimmering blue altar of Sif Muna.
  4715 | D:4      | Found a runed translucent door.
  4726 | D:4      | Noticed BeowulfAlex's ghost (amateur OpTm)
  4951 | D:4      | Noticed an orc warrior
  4965 | D:4      | Killed an orc warrior
  4965 | D:4      | Reached XP level 7. HP: 27/46 MP: 5/12
  5163 | D:5      | Entered Level 5 of the Dungeon
  5673 | D:5      | Paralysed by a centaur for 2 turns
  5690 | D:5      | HP: 2/46 [centaur/arrow (14)]
  5697 | D:5      | Reached skill level 6 in Summonings
  5700 | D:5      | HP: 1/46 [centaur (6)]
  5701 | D:5      | Mangled by a centaur

Illustrated notes

Levels and vault maps discovered:
D:1:      lightli_arrival_flooded_house, layout_basic
D:2:      layout_loops_corners, uniq_jessica, uniq_robin
D:3:      lemuel_upstairs_altar, layout_rooms, portal_sewer_entry_d, uniq_ijyb
D:4:      layout_layer_cave, old_standard_altar, ebering_ghost_reflecting_pool,
          serial_rivers, chequers_serial_rivers_micro_a,
          chequers_serial_rivers_micro_b, chequers_serial_rivers_large_a,
          chequers_serial_rivers_small_a, chequers_serial_rivers_micro_a,
          chequers_serial_rivers_small_b
D:5:      layout_cave_pods, lemuel_doored_altar, fedhas_altar_3

Skill      XL: |  1  2  3  4  5  6  7 |
---------------+----------------------+-----
Dodging        | 3 4 5 |  5.6
Shields        | 1 2 3 |  3.3
Spellcasting   | 3 |  3.9
Summonings     | 5 6 |  6.0
Stealth        | |  2.1

Action                   |  1- 3 |  4- 6 |  7- 9 || total
-------------------------+-------+-------+-------++-------
Melee: Unarmed           |    40 |       |       ||    40
       Dagger            |    22 |   168 |    42 ||   232
       Short sword       |    36 |    11 |       ||    47
       Tailslap          |       |     1 |       ||     1
Throw: Dart              |    10 |    13 |     2 ||    25
 Cast: Summon Small Mamm |    11 |       |       ||    11
       Call Imp          |     3 |    26 |     2 ||    31
       Call Canine Famil |       |    10 |     4 ||    14
  Use: Scroll            |     1 |     7 |     5 ||    13
       Potion            |       |     1 |     1 ||     2
 Stab: Distracted        |     1 |     2 |       ||     3
       Sleeping          |     1 |     1 |       ||     2
Armor: Robe              |    17 |    38 |     3 ||    58
Dodge: Dodged            |    62 |   118 |    32 ||   212
Block: Buckler           |    14 |    26 |    18 ||    58

Table legend: (Time is in decaauts)
 A = Elapsed time spent in this place.
 B = Non-inter-level travel time spent in this place.
 C = Inter-level travel time spent in this place.
 D = Time resting spent in this place.
 E = Time spent auto-exploring this place.
 F = Levels seen in this place.
 G = Mean time per level.
                   A        B        C        D        E       F      G
               +--------+--------+--------+--------+--------+-----+--------+
         Total |   5648 |   5421 |    227 |    594 |   3296 |   6 |  941.3 |
       Dungeon |   5480 |   5253 |    227 |    594 |   3296 |   5 | 1096.0 |
         Sewer |    167 |    167 |      0 |      0 |      0 |   1 |  167.0 |
               +--------+--------+--------+--------+--------+-----+--------+

Top non-repeatable levels by time:
     D:2: 1358 daAuts
     D:4: 1330 daAuts
     D:1: 1319 daAuts
     D:3: 934 daAuts
     D:5: 538 daAuts
   Sewer: 167 daAuts
